 Dungeon Crawl Stone Soup version 0.31.0-12-g77e489cdc1 (webtiles) character file.

Game seed: 10151469751794403417

847 noelopme the Covered (level 8, -7/48 HPs)
             Began as a Gargoyle Fighter on Feb 17, 2024.
             Was an Initiate of Qazlal.
             Mangled by an ogre
             ... wielding a +0 giant club
              (12 damage)
             ... on level 5 of the Dungeon.
             The game lasted 00:51:08 (5587 turns).

noelopme the Covered (Gargoyle Fighter)             Turns: 5587, Time: 00:51:09

Health: -7/48      AC: 19    Str: 22    XL:     8   Next: 1%
Magic:  8/8        EV:  8    Int:  9    God:    Qazlal [......]
Gold:   229        SH:  9    Dex:  9    Spells: 7/7 levels left

rFire   . . .        l - +3 hand axe (heavy)
rCold   . . .        c - +0 buckler
rNeg    + . .        n - +2 chain mail
rPois   ∞            o - +0 helmet
rElec   +            (no cloak)
rCorr   .            (no gloves)
SInv    .            (no boots)
Will    +....        e - amulet of reflection Stlth
                     i - ring of willpower
HPRegen 0.28/turn    b - ring of poison resistance
MPRegen 0.11/turn

%: reflection
@: no status effects
A: sickness immunity, AC +5, negative energy resistance 1, electricity
resistance, torment resistance 1, petrification resistance
a: Renounce Religion


You were on level 5 of the Dungeon.
You worshipped Qazlal.
Qazlal was noncommittal.
You visited 1 branch of the dungeon, and saw 5 of its levels.

You collected 229 gold pieces.

Inventory:

Hand Weapons
 l - a +3 heavy hand axe (weapon)
 s - a +3 flail of holy wrath
Missiles
 h - 39 stones (quivered)
 j - a throwing net
Armour
 c - a +0 buckler (worn)
 g - a +2 barding
 n - a +2 chain mail (worn)
 o - a +0 helmet (worn)
 r - an orb of wrath
Jewellery
 b - a ring of poison resistance (right hand)
 e - an amulet of reflection (around neck)
 i - a ring of willpower (left hand)
 q - an amulet of regeneration
Wands
 E - a wand of iceblast (19)
Scrolls
 a - 3 scrolls of vulnerability
 k - a scroll of noise {unknown}
 m - a scroll of identify
 p - a scroll of silence
 t - a scroll of acquirement
Potions
 d - a potion of might


   Skills:
 + Level 4.7 Fighting
 + Level 4.1(4.4) Axes
 + Level 2.2(3.7) Maces & Flails
 + Level 6.0 Armour
 + Level 2.1 Dodging
 + Level 0.8 Stealth
 + Level 4.7 Shields


You had 7 spell levels left.
You didn't know any spells.
Your spell library contained the following spells:

 Spells                   Type           Power      Damage    Failure   Level
 Slow                     Hex            0%         N/A       96%         1
 Sting                    Conj/Alch      0%         1d3       96%         1
 Mercury Vapours          Alch/Air       0%         N/A       99%         2
 Confusing Touch          Hex            0%         N/A       100%        3
 Mephitic Cloud           Conj/Alch/Air  0%         N/A       100%        3
 Sigil of Binding         Hex            0%         N/A       100%        3
 Stone Arrow              Conj/Erth      0%         3d7       100%        3
 Vampiric Draining        Necr           0%         2d6       100%        3
 Olgreb's Toxic Radiance  Alch           0%         N/A       100%        4
 Freezing Cloud           Conj/Ice/Air   0%         6-21      100%        5
 Bombard                  Conj/Erth      0%         9d1       100%        6
 Lehudib's Crystal Spear  Conj/Erth      0%         10d2      100%        8


Dungeon Overview and Level Annotations

Branches:
Dungeon (5/15)
 Temple: D:4-7

Altars:
Cheibriados
Elyvilon
Qazlal
Zin
The Shining One

Shops:
D:1 =


Innate Abilities, Weirdness & Mutations

You are immune to sickness and miasma.
Your stone body is resilient. (AC +5)
You are immune to poison.
You resist negative energy. (rN+)
You are resistant to electric shocks. (rElec)
You are resistant to unholy torment.
You are immune to petrification.


Message History

The ufetubus attacks as it pursues you!
The ufetubus hits you but does no damage. x2
The ufetubus hits you.
The ufetubus hits you but does no damage.
You hit the ufetubus.
You kill the ufetubus!
Qazlal accepts your kill.
Found a stone staircase leading down.
You see here a +0 spear.
You see here a +0 spear.
There is a stone staircase leading down here.
A bombardier beetle comes into view.
You closely miss the bombardier beetle.
You block the bombardier beetle's attack.
You slash the bombardier beetle!
The bombardier beetle is heavily wounded.
The bombardier beetle bites you but does no damage.
You slash the bombardier beetle!
You kill the bombardier beetle!
Qazlal accepts your kill.
Your Axes skill increases to level 4!
You have reached level 8!
You feel stronger.
You see here a bombardier beetle corpse.
An ogre comes into view. It is wielding a +0 giant club.
The ogre hits you with a +0 giant club!
You slash the ogre!
The ogre is moderately wounded.
The ogre hits you but does no damage.
You slash the ogre!
The ogre is heavily wounded.
The ogre hits you with a +0 giant club!!
You hit the ogre.
The ogre is heavily wounded.
The ogre hits you with a +0 giant club!
* * * LOW HITPOINT WARNING * * *
You hit the ogre.
The ogre is heavily wounded.
The ogre hits you with a +0 giant club!
You die...

..
#.#
#
#.#
#†#
#.#
#.#
#.#
#.#
#.#
#@#
#O#
#.#
#.#
...
.##
#


You could see an ogre.

Vanquished Creatures
  Grinder (D:3)
  A phantom (D:5)
  3 scorpions
  A bombardier beetle (D:5)
  2 hounds
  A gnoll bouda (D:5)
  A jelly (D:5)
  Terence (D:3)
  An iguana (D:4)
  Robin (D:3)
  5 adders
  5 gnolls (D:5)
  2 ufetubi (D:5)
  2 dart slugs
  A ribbon worm (D:4)
  2 orcs
  11 ball pythons
  2 bats
  2 endoplasms
  2 giant cockroaches
  9 hobgoblins
  2 kobolds
  3 quokkas
  5 frilled lizards
  11 goblins
  3 rats
80 creatures vanquished.

Notes
Turn   | Place    | Note
-------+----------+-------------------------------------------
     0 | D:1      | noelopme the Gargoyle Fighter began the quest for the Orb.
     0 | D:1      | Reached XP level 1. HP: 14/14 MP: 1/1
   737 | D:1      | Reached XP level 2. HP: 19/19 MP: 2/2
  1000 | D:1      | Found Jojudah's Jewellery Boutique.
  1767 | D:2      | Reached XP level 3. HP: 20/24 MP: 3/3
  2293 | D:2      | Identified a scroll of acquirement
  2871 | D:3      | Found a faded altar of an unknown god.
  2882 | D:3      | Reached XP level 4. HP: 29/29 MP: 4/4
  2886 | D:3      | Reached skill level 4 in Armour
  2887 | D:3      | Noticed Robin
  2897 | D:3      | Killed Robin
  2898 | D:3      | Reached skill level 1 in Axes
  3068 | D:3      | Noticed Grinder
  3079 | D:3      | Paralysed by Grinder for 3 turns
  3085 | D:3      | Killed Grinder
  3086 | D:3      | Reached skill level 1 in Dodging
  3086 | D:3      | Reached XP level 5. HP: 24/34 MP: 5/5
  3086 | D:3      | Reached XP level 6. HP: 28/39 MP: 6/6
  3116 | D:3      | Found a glowing silver altar of Zin.
  3133 | D:3      | Found a glowing golden altar of the Shining One.
  3133 | D:3      | Found a white marble altar of Elyvilon.
  3375 | D:3      | Noticed Terence
  3380 | D:3      | Killed Terence
  3842 | D:3      | Got Lasabiut's Parchment of Silt
  4226 | D:3      | Found a snail-covered altar of Cheibriados.
  4226 | D:3      | Found a stormy altar of Qazlal.
  4357 | D:3      | Became a worshipper of Qazlal Stormbringer
  4512 | D:4      | Reached skill level 5 in Armour
  4737 | D:4      | Reached XP level 7. HP: 44/44 MP: 7/7
  5177 | D:4      | You fall into a shaft and drop 1 floor!
  5177 | D:5      | Entered Level 5 of the Dungeon
  5521 | D:5      | Reached skill level 6 in Armour
  5575 | D:5      | Reached XP level 8. HP: 44/48 MP: 8/8
  5587 | D:5      | Mangled by an ogre

Illustrated notes

Levels and vault maps discovered:
D:1:      kennysheep_arrival_forest, layout_basic, serial_shops,
          nicolae_shop_waterfront, st_stairs_12
D:2:      wander_river, layout_basic, chequers_serial_rivers_small_b,
          serial_bayou_pond_c
D:3:      layout_loops_ring, dreamdust_divine_triumvirate,
          gammafunk_temple_overflow_wave, hellmonk_ecumenical_altar_lost_god,
          minmay_crystal_room, uniq_terence, uniq_robin, uniq_grinder
D:4:      layout_gridville, serial_library, serial_library_hellmonk_semicircle,
          serial_library_hellmonk_room_c, serial_library_hellmonk_semicircle,
          serial_library_hellmonk_h_bend,
          serial_library_regret_index_branch_corner,
          serial_library_regret_index_double_sided,
          serial_library_regret_index_multi,
          serial_library_hellmonk_angled_corner,
          serial_library_hellmonk_metal_room
D:5:      layout_basic, minmay_temple_entry_enclosed_plants,
          gammafunk_ghost_cemetery, serial_shops, shop

Skill      XL: |  1  2  3  4  5  6  7 |
---------------+----------------------+-----
Armour         | 4 5 6 |  6.0
Axes           | 2 3 4 |  4.1
Fighting       | 4 |  4.7
Dodging        | 1 2 |  2.1
Shields        | 4 |  4.7
Maces & Flails | |  2.2
Stealth        | |  0.8

Action                     |  1- 3 |  4- 6 |  7- 9 || total
---------------------------+-------+-------+-------++-------
  Melee: Flail             |    40 |       |       ||    40
         Hand axe          |    73 |    70 |    60 ||   203
    Use: Scroll            |    11 |     3 |     1 ||    15
         Potion            |       |       |     2 ||     2
 Armour: Scale mail        |    69 |    10 |       ||    79
         Chain mail        |       |    30 |    84 ||   114
  Dodge: Dodged            |    48 |    27 |    25 ||   100
  Block: Buckler           |    18 |    45 |    59 ||   122
